 Dungeon Crawl Stone Soup version 0.24.0-123-gd5b16e6ec5 (webtiles) character file.

Game seed: 15236326393402675348, levelgen mode: deterministic

354 Delamore the Cleaver (level 6, 0/51 HPs)
             Began as a Hill Orc Fighter on Dec 29, 2019.
             Succumbed to a worker ant's poison
             ... in the Ecumenical Temple.
             The game lasted 00:03:22 (3429 turns).

Delamore the Cleaver (Hill Orc Fighter)             Turns: 3429, Time: 00:03:22

Health: 0/51       AC: 11    Str: 21    XL:     6   Next: 63%
Magic:  6/6        EV:  7    Int: 13    God:
Gold:   200        SH:  9    Dex: 10    Spells: 5/5 levels left

rFire    . . .     SeeInvis .   a - +0 war axe
rCold    . . .     Gourm    .   c - +0 shield
rNeg     . . .     Faith    .   b - +0 scale mail
rPois    .         Spirit   .   (no helmet)
rElec    .         Reflect  .   p - +0 cloak
rCorr    .         Harm     .   h - +0 pair of gloves
MR       .....                  (no boots)
Stlth    ..........             (no amulet)
HPRegen  0.17/turn              m - +3 ring of slaying
MPRegen  0.10/turn              w - ring of flight

@: brilliant, lethally poisoned (0 -> -2), flying
A: iridescent scales 1, screaming 1
a: no special abilities


You were in the Ecumenical Temple.
You were very hungry.

You visited 2 branches of the dungeon, and saw 6 of its levels.

You collected 200 gold pieces.

Inventory:

Hand Weapons
 a - a +0 war axe (weapon)
Armour
 b - a +0 scale mail (worn)
 c - a +0 shield (worn)
 h - a +0 pair of gloves (worn)
 p - a +0 cloak (worn)
Jewellery
 m - a +3 ring of slaying (left hand)
 w - a ring of flight (right hand)
Wands
 s - a wand of acid (8)
Scrolls
 g - 2 scrolls of amnesia {unknown}
 i - 7 scrolls of identify {unknown}
 j - 3 scrolls of teleportation {unknown}
 l - 2 scrolls of magic mapping {unknown}
 n - a scroll of noise {unknown}
 r - a scroll of remove curse {unknown}
 t - 4 scrolls of enchant armour {unknown}
 v - a scroll of random uselessness {unknown}
 y - a scroll of fog {unknown}
Potions
 d - 3 potions of might
 e - a potion of degeneration {unknown}
 k - a potion of curing {unknown}
 o - a potion of brilliance
 q - a potion of flight
Comestibles
 f - 7 rations


   Skills:
 - Level 3.6 Fighting
 + Level 9.0 Axes
 - Level 3.2 Armour
 - Level 3.2 Shields


You had 5 spell levels left.
You didn't know any spells.
Your spell library was empty.

Dungeon Overview and Level Annotations

Branches:
Dungeon (5/15)             Temple (1/1) D:5

Altars:
Dithmenos
Fedhas
Ru
Trog
Zin
The Shining One

Annotations:
D:5 Sigmund


Innate Abilities, Weirdness & Mutations

You are partially covered in iridescent scales. (AC +2)
You occasionally shout uncontrollably at your foes.


Message History

You climb downwards.
Welcome to the Ecumenical Temple!
You hear a splash.
Reactivating autopickup.
Found a sacrificial altar of Ru and a glowing silver altar of Zin.
There is a staircase back to the Dungeon here.
It was a potion of brilliance.
You feel clever all of a sudden.
* * * LOW HITPOINT WARNING * * *
You feel sick.
The jackal bites you but does no damage.
You block the ogre's attack.
It was a potion of mutation.
You feel extremely strange.
You feel the urge to shout.
Iridescent scales grow over part of your body.
The jackal closely misses you.
The jackal bites you but does no damage.
It was a potion of flight.
You feel very buoyant.
You fly up into the air.
You die...

≈≈≈≈≈≈≈§≈§≈≈≈≈§
≈≈≈≈≈§≈≈≈≈≈§§≈§
≈≈≈≈≈§≈≈§§§§≈§≈
§≈§≈≈≈..§≈§§§§≈
≈§≈§§...§.≈≈§§≈
§≈§≈......§§§§≈
§§§§....h..§§§≈
§≈.....@.....≈≈
§.§...O.......≈
§..............
...............
...............
._..........._.
...............
...............


You could see an ogre and a jackal.

Vanquished Creatures
  An ogre (D:4)
  A hound (D:4)
  A bullfrog skeleton (D:4)
  An orc wizard (D:4)
  4 worker ants
  3 adders
  2 worms
  A dart slug (D:3)
  A leopard gecko (D:1)
  2 orcs (D:4)
  A ball python (D:2)
  7 bats
  2 giant cockroaches
  5 hobgoblins
  4 jackals
  2 kobolds
  A quokka (D:3)
  5 frilled lizards
  6 goblins
  2 jackal skeletons (D:4)
  A leopard gecko skeleton (D:4)
  11 rats
  3 fungi (D:3)
  A plant (D:3)
68 creatures vanquished.

Notes
Turn   | Place    | Note
-------+----------+-------------------------------------------
     0 | D:1      | Delamore the Hill Orc Fighter began the quest for the Orb.
     0 | D:1      | Reached XP level 1. HP: 19/19 MP: 1/1
    20 | D:1      | Reached skill level 3 in Axes
   123 | D:1      | Reached XP level 2. HP: 12/26 MP: 2/2
   174 | D:1      | Reached skill level 4 in Axes
   915 | D:2      | Reached XP level 3. HP: 28/31 MP: 3/3
  1305 | D:2      | Found a shadowy altar of Dithmenos.
  1375 | D:2      | Reached skill level 5 in Axes
  1445 | D:2      | Found a glowing golden altar of the Shining One.
  1582 | D:3      | Found a glowing golden altar of the Shining One.
  1727 | D:3      | Found a blossoming altar of Fedhas.
  1861 | D:3      | Reached XP level 4. HP: 39/39 MP: 4/4
  2157 | D:4      | Reached skill level 6 in Axes
  2186 | D:4      | Found a bloodstained altar of Trog.
  2198 | D:4      | Reached skill level 7 in Axes
  2198 | D:4      | Reached XP level 5. HP: 40/45 MP: 5/5
  2772 | D:4      | Noticed an ogre
  2778 | D:4      | Killed an ogre
  2778 | D:4      | Reached skill level 8 in Axes
  2778 | D:4      | Reached XP level 6. HP: 34/51 MP: 6/6
  3348 | D:5      | Entered Level 5 of the Dungeon
  3402 | D:5      | Noticed Sigmund
  3414 | D:5      | Reached skill level 9 in Axes
  3417 | D:5      | Found a staircase to the Ecumenical Temple.
  3425 | D:5      | HP: 1/51 [jackal (3)]
  3426 | Temple   | Entered the Ecumenical Temple
  3428 | Temple   | Gained mutation: You occasionally shout uncontrollably at
                  | your foes. [potion of mutation]
  3428 | Temple   | Gained mutation: You are partially covered in iridescent
                  | scales. (AC +2) [potion of mutation]
  3429 | Temple   | Succumbed to a worker ant's poison

Levels and vault maps discovered:
D:1:      onia_arrival_mini_spirals, layout_basic, roderic_lattice_a,
          minmay_pentomino_q2
D:2:      layout_basic, tso_oasis_becter, lemuel_round_altar, first_ration
D:3:      layout_basic, fedhas_altar_3, serial_curves, eino_curves_03,
          eino_curves_04, tso_metal_star
D:4:      layout_layer_cave, bloody_trog
D:5:      layout_basic, grunt_qazlal_clouds, gammafunk_temple_overflow_claw,
          minmay_temple_entry_offerings, uniq_ijyb, uniq_sigmund
Temple:   compressed_dpeg_triangle_lava_temple

Skill      XL: |  1  2  3  4  5  6 |
---------------+-------------------+-----
Axes           | 3 4 5 7 8 9 |  9.0
Fighting       | |  3.6
Armour         | |  3.2
Shields        | |  3.2

Action                   |  1- 3 |  4- 6 || total
-------------------------+-------+-------++-------
Melee: War axe           |   140 |    60 ||   200
  Use: Potion            |       |     3 ||     3
  Eat: Chunk             |     3 |     4 ||     7
Armor: Scale mail        |    78 |    21 ||    99
Dodge: Dodged            |    42 |    21 ||    63
Block: Shield            |    68 |    22 ||    90
